 Dungeon Crawl Stone Soup version 0.32-a0-995-gb4a59205af (webtiles) character file.

Game seed: 6954079989619583673

415 jasper the Trooper (level 6, -7/49 (51) HPs)
             Began as a Demonspawn Hexslinger on Apr 22, 2024.
             Mangled by a wight
             ... wielding a +0 halberd
              (11 damage)
             ... on level 4 of the Dungeon.
             The game lasted 00:05:09 (2955 turns).

jasper the Trooper (Demonspawn Hexslinger)          Turns: 2955, Time: 00:05:10

HP:   -7/49 (51)    AC:  2    Str:  8    XL:     6   Next: 60%
MP:   1/10          EV: 11    Int: 15    God:
Gold: 119           SH:  0    Dex: 16    Spells: 7/11 levels left

rFire   . . .        a - +2 sling
rCold   . . .        (no shield)
rNeg    . . .        c - +0 robe
rPois   +            (no helmet)
rElec   .            (cloak unavailable)
rCorr   .            (no gloves)
SInv    .            (no boots)
Will    .....        (no amulet)
Stlth   +            j - ring of willpower
HPRegen 0.28/turn    r - ring of poison resistance
MPRegen 0.12/turn

%: no passive effects
@: weak-willed, jinxed, lightly drained
A: weakness stinger 3
a: no special abilities


You were on level 4 of the Dungeon.
You visited 1 branch of the dungeon, and saw 4 of its levels.

You collected 189 gold pieces.
You spent 70 gold pieces at shops.

Inventory:

Hand Weapons
 a - a +2 sling (weapon)
 p - the +2 dagger "Jareq" {flame, rN+ Dex+2 SInv}
   (You found it on level 2 of the Dungeon)

   Dex+2:     It affects your dexterity (+2).
   rN+:       It protects you from negative energy.
   SInv:      It lets you see invisible.
Missiles
 n - a throwing net
Armour
 c - a +0 robe (worn)
 k - a +0 cloak
Jewellery
 j - a ring of willpower (left hand)
 r - a ring of poison resistance (right hand)
Wands
 q - a wand of roots (6)
 t - a wand of light (6)
Scrolls
 b - 2 scrolls of poison
 d - 2 scrolls of fog
 f - 6 scrolls of teleportation
Potions
 l - a potion of ambrosia
 o - a potion of haste {unknown}
 s - 2 potions of resistance
 u - a potion of enlightenment {unknown}
 x - a potion of degeneration {unknown}


   Skills:
 + Level 5.2 Fighting
 - Level 1.7 Ranged Weapons
 - Level 1.7 Dodging
 * Level 3.2 Spellcasting
 - Level 4.0 Hexes
 - Level 0.8 Fire Magic


You had 7 spell levels left.
You knew the following spells:

 Your Spells              Type           Power      Damage    Failure   Level
a - Jinxbite              Hex            28%        N/A       6%          2
b - Blink                 Tloc           4%         N/A       30%         2

Your spell library contained the following spells:

 Spells                   Type           Power      Damage    Failure   Level
 Sigil of Binding         Hex            14%        N/A       12%         3
 Inner Flame              Hex/Fire       9%         N/A       22%         3
 Cigotuvi's Dreadful Rot  Necr/Alch/Air  4%         N/A       30%         2
 Lesser Beckoning         Tloc           4%         N/A       30%         2
 Momentum Strike          Conj/Tloc      4%         3d8       30%         2
 Cause Fear               Hex            7%         N/A       36%         4
 Dimensional Bullseye     Hex/Tloc       4%         N/A       65%         4
 Ignite Poison            Fire/Alch      3%         N/A       85%         4
 Freezing Cloud           Conj/Ice/Air   1%         6-21      99%         5
 Conjure Ball Lightning   Conj/Air       1%         3x3d6     100%        6
 Discord                  Hex            7%         N/A       100%        8
 Disjunction              Tloc           1%         N/A       100%        8


Dungeon Overview and Level Annotations

Branches:
Dungeon (4/15)
 Temple: D:4-7

Altars:
Trog

Shops:
D:2 ?[   D:4 (


Innate Abilities, Weirdness & Mutations

You have a sharp stinger which inflicts weakening toxins.


Message History

The wight completely misses you.
You take 5 damage, and have 19/49 hp.
Fire: a) +2 sling
Press: ? - help, Q - select action, (/) - cycle Shift-Dir - straight line, f/p - wight
Aim: a wight, wielding a +4 long sword and wearing a +0 robe (almost destroyed, heavily drained, chance to call a sprite on attack: 60%, 62% to hit)
You shoot a sling bullet. The sling bullet hits the wight.
You destroy the wight!
The wight hits you from afar with a +0 halberd!
* * * LOW HITPOINT WARNING * * *
The wight misses you.
Your life force feels restored.
You take 16 damage, and have 3/51 hp.
MASSIVE DAMAGE!!
Fire: a) +2 sling
Press: ? - help, Q - select action, (/) - cycle Shift-Dir - straight line, f - wight
Aim: a wight, wielding a +0 halberd and wearing a +0 robe (lightly damaged, chance to call a sprite on attack: 48%, 62% to hit)
You shoot a sling bullet.
The sling bullet hits the wight but does no damage.
The wight is lightly damaged.
A giggling sprite leaps out and doodles on the wight's face.
The wight is heavily damaged.
The jinxing sprites lose interest in you.
The wight closely misses you.
You feel better.
The wight hits you from afar with a +0 halberd!
* * * LOW HITPOINT WARNING * * *
You take 3 damage, and have 1/51 hp.
You feel better. The wight closely misses you.
You regained 11 hp, and now have 12/51 hp.
You feel better.
The wight seems less drained.
The wight hits you from afar with a +0 halberd!
* * * LOW HITPOINT WARNING * * *
You feel drained.
* * * LOW HITPOINT WARNING * * *
You take 8 damage, and have 4/49 hp.
Casting: Jinxbite (safe; 6% risk of failure)
Confirm with . or Enter, or press ? or * to list all spells.
You beckon some vexing sprites to accompany your attacks.
You feel your willpower being sapped.
The wight hits you from afar with a +0 halberd!
You die...

#.≈≈≈≈≈.# #.# #.≈≈≈≈≈?#
#.# # #.≈≈≈≈≈.# #.# .##
#..≈≈≈..#######.# #z..
##.....##.......# #...#
>.##..#.##.####.# #...?.
#.###...##.##.#.# #......
..#####†##.#....###)......
>...)...........@)z.......
..#.###.###.....###.......
..#.# #.# #.#.#.# #......
### # #.........# #..... .
#####.##### #...# ## #.#
#+## # #.# # ..


You could see a wight.

Vanquished Creatures
  4 wights (D:4)
  A bombardier beetle (D:4)
  A hound (D:4)
  A jelly (D:3)
  4 adders (D:3)
  A ribbon worm (D:2)
  2 dart slugs
  2 orcs
  8 ball pythons
  7 endoplasms
  4 giant cockroaches
  6 goblins
  5 hobgoblins
  11 jackals (D:1)
  5 bats
  5 frilled lizards
  5 kobolds
  3 rats
75 creatures vanquished.

Notes
Turn   | Place    | Note
-------+----------+-------------------------------------------
     0 | D:1      | jasper the Demonspawn Hexslinger began the quest for the
                  | Orb.
     0 | D:1      | Reached XP level 1. HP: 15/15 MP: 2/2
    82 | D:1      | Reached skill level 2 in Fighting
    84 | D:1      | Gained mutation: You have a small tail. [demonic ancestry]
    84 | D:1      | Reached XP level 2. HP: 9/22 MP: 3/3
   107 | D:1      | Learned a level 2 spell: Jinxbite
   330 | D:1      | Gained mutation: You have a tail ending in a sharp stinger.
                  | [demonic ancestry]
   330 | D:1      | Reached XP level 3. HP: 7/28 MP: 2/4
   490 | D:1      | Reached skill level 3 in Fighting
  1141 | D:2      | Found Pixo's Magic Scroll Shop.
  1146 | D:2      | Bought a scroll of fog for 40 gold pieces
  1146 | D:2      | Bought a scroll of teleportation for 30 gold pieces
  1360 | D:2      | Found a faded altar of an unknown god.
  1414 | D:2      | Identified the +2 dagger "Jareq" {flame, rN+ Dex+2 SInv}
  1638 | D:2      | Found Usiycs's Armour Emporium.
  1919 | D:3      | Reached XP level 4. HP: 37/37 MP: 2/5
  1956 | D:3      | Learned a level 2 spell: Blink
  2013 | D:3      | Found a bloodstained altar of Trog.
  2339 | D:3      | Reached skill level 4 in Fighting
  2491 | D:3      | Gained mutation: You have a sharp stinger which inflicts
                  | weakening toxins. [demonic ancestry]
  2491 | D:3      | Reached XP level 5. HP: 42/42 MP: 3/6
  2836 | D:4      | Found Vushumm's Weapon Emporium.
  2946 | D:4      | Reached XP level 6. HP: 29/49 MP: 3/9
  2948 | D:4      | Reached skill level 5 in Fighting
  2952 | D:4      | HP: 1/51 [wight/+0 halberd (9)]
  2955 | D:4      | Mangled by a wight

Illustrated notes

Levels and vault maps discovered:
D:1:      eino_arrival_water_star, layout_basic, chequers_serial_rivers_marsh
D:2:      layout_basic, serial_curves, eino_curves_04, eino_curves_03,
          ebering_ecumenical_altar_mist, serial_shops,
          nicolae_shop_advertising_works [nicolae_subvault_shop_adworks],
          nicolae_shop_hallway_plus
D:3:      layout_basic, bloody_trog, serial_forest, infiniplex_forest_lined_1,
          infiniplex_forest_lined_4_way, infiniplex_forest_lined_room_2,
          infiniplex_forest_lined_2, infiniplex_forest_clump_long,
          infiniplex_forest_straight_3, infiniplex_forest_straight_4,
          hangedman_decor_clover_reticule, chequers_mini_garden
D:4:      layout_loops_corners, serial_shops, nicolae_lakefront_shop

Skill      XL: |  1  2  3  4  5  6 |
---------------+-------------------+-----
Fighting       | 2 3 4 5 |  5.2
Hexes          | 4 |  4.0
Spellcasting   | 2 3 |  3.2
Ranged Weapons | |  1.7
Dodging        | |  1.7
Fire Magic     | |  0.8

Action                     |  1- 3 |  4- 6 || total
---------------------------+-------+-------++-------
   Fire: Sling             |   105 |    75 ||   180
   Cast: Jinxbite          |    20 |    26 ||    46
    Use: Scroll            |       |     9 ||     9
         Potion            |       |     3 ||     3
 Armour: Robe              |    43 |    22 ||    65
  Dodge: Dodged            |    34 |    28 ||    62

Table legend: (Time is in decaauts)
 A = Elapsed time spent in this place.
 B = Non-inter-level travel time spent in this place.
 C = Inter-level travel time spent in this place.
 D = Time resting spent in this place.
 E = Time spent auto-exploring this place.
 F = Levels seen in this place.
 G = Mean time per level.
                   A        B        C        D        E       F      G
               +--------+--------+--------+--------+--------+-----+--------+
         Total |   3013 |   2952 |     61 |      6 |   2482 |   4 |  753.2 |
       Dungeon |   3013 |   2952 |     61 |      6 |   2482 |   4 |  753.2 |
               +--------+--------+--------+--------+--------+-----+--------+

Top non-repeatable levels by time:
     D:1: 965 daAuts
     D:2: 942 daAuts
     D:3: 810 daAuts
     D:4: 294 daAuts
